Map: Curious Minds LE

Players

magicx

  • Race: Terran Terran
  • Spawn Location: 5:00

Warthog - Winner!

  • Race: Terran Terran
  • Spawn Location: 11:00

VOD

Have the link to the VOD?

Description

Time

  • Played on: Oct. 19, 2021, 4:36 p.m.
  • Length: 11:19
Show
View Real Time Build Order
Export as new Build Order

magicx Terran 

Build Orders:  

Get SALT Encoding   

  12  0:01  SCV  
  13  0:13  SCV  
  14  0:18  Supply Depot  
  14  0:25  SCV  
  15  0:29  Refinery  
  15  0:40  SCV  
  16  0:46  Barracks  
  16  0:52  SCV  
  17  1:03  Barracks  
  17  1:07  SCV  
  18  1:21  Refinery  
  18  1:34  Barracks  
  18  1:44  Marine  
  19  1:56  Bunker  
  19  2:06  Barracks Reactor  
  19  2:08  Barracks Reactor  
  19  2:25  Supply Depot  
  19  2:30  Barracks Reactor  
  19  2:43  Bunker  
  19  2:46  Factory, Marine x2  
  19  2:50  Reaper  
  22  2:54  Reaper  
  23  2:59  Supply Depot  
  23  3:06  SCV  
  23  3:11  Reaper  
  25  3:18  SCV  
  26  3:22  Engineering Bay  
  26  3:31  SCV  
  26  3:34  Marine  
  28  3:35  Marine x2  
  28  3:37  Reaper  
  31  3:47  Supply Depot  
  31  3:49  SCV  
  31  3:55  Marine  
  33  3:57  Factory Tech Lab  
  33  4:08  Terran Infantry Weapons Level 1  
  33  4:32  Command Center  
  33  4:40  Supply Depot  
  33  4:44  SCV  
  34  4:56  SCV  
  35  5:03  Reaper x2  
  35  5:05  Reaper x2  
  39  5:09  Reaper  
  41  5:14  Reaper  
  41  5:24  Supply Depot  
  41  5:37  Marine x2  
  41  5:38  Marine x2  
  41  5:41  Marine  
  46  5:46  Marine  
  47  6:02  SCV  
  48  6:09  Refinery  
  48  6:13  Refinery  
  48  6:14  SCV  
  49  6:18  Reaper  
  49  6:19  Reaper  
  49  6:20  Reaper x2  
  53  6:26  SCV  
  54  6:37  Supply Depot  
  54  6:38  SCV  
  55  6:43  Marine  
  55  6:44  Marine  
  57  6:49  Siege Tank  
  57  6:50  SCV, Marine x2  
  57  6:52  Reaper, Marine  
  65  7:01  Marine x2  
  67  7:10  Supply Depot, Marine  
  69  7:15  SCV  
  69  7:27  SCV  
  70  7:37  Starport  
  70  7:45  Marine x2  
  70  7:47  Marine x2  
  70  7:49  Marine x2  
  76  7:53  Supply Depot  
  76  7:56  Starport  
  76  8:03  Marine  
  76  8:05  Marine  
  78  8:06  Marine  
  57  8:32  Marine x2  
  57  8:33  Marine x2  
  44  8:50  Marine  
  44  8:51  Marine  
  42  8:59  Marine  
  5  9:44  Viking  
  7  10:02  SCV  
  8  10:14  SCV  
  7  10:26  SCV  
  7  10:38  SCV  
  8  10:50  SCV  
Show
View Real Time Build Order
Export as new Build Order

Warthog Terran - Winner!

Build Orders:  

Get SALT Encoding   

  12  0:00  SCV  
  13  0:13  SCV  
  14  0:19  Supply Depot  
  14  0:25  SCV  
  15  0:40  SCV  
  16  0:43  Barracks  
  16  0:51  Refinery  
  16  0:53  SCV  
  17  1:05  SCV  
  18  1:17  SCV  
  19  1:31  Orbital Command  
  19  1:36  Barracks Reactor  
  19  1:47  Command Center  
  19  1:58  Supply Depot  
  19  2:00  SCV  
  20  2:12  SCV  
  20  2:14  Marine x2  
  23  2:24  SCV  
  24  2:32  Barracks  
  24  2:34  Barracks  
  24  2:36  SCV  
  25  2:38  Refinery  
  25  2:44  Marine x2  
  25  2:48  SCV  
  28  3:00  SCV  
  28  3:02  Marine  
  30  3:17  SCV  
  31  3:31  Orbital Command  
  31  3:32  SCV  
  32  3:36  Barracks Tech Lab  
  32  3:37  Barracks Tech Lab  
  32  3:38  Marine x2  
  34  3:45  SCV  
  35  3:49  Bunker  
  35  3:58  Marine x3  
  35  4:01  Marine  
  39  4:06  Stimpack, Combat Shield  
  39  4:12  SCV x2  
  39  4:16  Marine x3  
  44  4:23  Factory  
  44  4:24  SCV  
  44  4:31  Supply Depot x2  
  45  4:33  Marine  
  46  4:52  SCV x2  
  50  4:53  Marauder  
  50  4:58  Supply Depot  
  50  4:59  Supply Depot  
  50  5:04  SCV x2  
  52  5:21  SCV x2  
  54  5:26  Marauder x2  
  54  5:27  Marine x2  
  60  5:33  Supply Depot, SCV x2  
  60  5:34  Supply Depot  
  62  5:39  Factory Reactor  
  62  5:40  Starport  
  62  5:45  Marine x2  
  62  5:46  Concussive Shells  
  64  5:50  SCV x2  
  64  5:52  Marine  
  64  5:53  Marauder  
  69  5:57  Engineering Bay  
  69  6:02  SCV  
  69  6:03  SCV  
  70  6:06  Marine  
  70  6:07  Marine  
  70  6:09  Supply Depot  
  70  6:10  Marauder  
  70  6:11  Supply Depot  
  74  6:14  SCV, Marauder  
  74  6:15  SCV  
  78  6:24  Factory Tech Lab, Marine x2  
  78  6:25  Barracks  
  80  6:27  SCV x2  
  80  6:29  Barracks  
  82  6:33  Medivac x2  
  82  6:35  Marauder x2  
  82  6:39  Supply Depot, SCV x2  
  92  6:41  Supply Depot  
  92  6:42  Terran Infantry Weapons Level 1, Marine  
  92  6:45  Refinery x2  
  93  6:51  SCV  
  94  7:08  Siege Tank  
  97  7:12  Marine  
  97  7:13  Marauder  
  100  7:18  Medivac x2  
  100  7:20  Barracks Tech Lab  
  100  7:21  Barracks Reactor  
  104  7:40  Siege Tank  
  107  7:53  Marauder x3, Marine x2  
  107  7:55  Medivac  
  117  7:58  Supply Depot  
  117  8:01  Supply Depot  
  117  8:11  Marine x3  
  117  8:12  Siege Tank  
  109  8:14  Marauder, Marine  
  109  8:15  Marauder  
  106  8:33  Marauder  
  106  9:00  Marauder x3, Marine x2  
  106  9:01  Marine x2  
  106  9:02  Siege Tank  
  119  9:03  Medivac x2  
  119  9:18  Marine  
  119  9:21  Marauder  
  117  9:32  Medivac  
  117  9:34  Siege Tank  
  117  9:36  Marauder x2  
  117  9:37  Marine x4  
  130  9:39  Medivac  
  130  9:43  Marauder  
  134  9:47  Supply Depot  
  134  9:50  Supply Depot  
  134  9:54  Marine x2  
  134  9:55  Marine x2  
  134  9:57  Marauder  
  134  9:58  Marauder  
  142  10:09  Siege Tank, Marauder  
  142  10:12  Marine x3  
  142  10:13  Marine  
  151  10:18  Marine  
  151  10:19  Marauder  
  154  10:26  Viking  
  154  10:27  Viking  
Tags
 
Add a new tag
Caveats
  • Supply blocks, unpowered buildings, or Contaminate may cause inaccurate times.
  • Supply counts are checked every 10 seconds.